 Dungeon Crawl Stone Soup version 0.31-a0-237-g2d982f9f85 (webtiles) character file.

Game seed: 17568784819864715650

43 olmar the Grasshopper (level 3, -1/31 HPs)
             Began as a Gnoll Warper on July 12, 2023.
             Succumbed to Robin's poison
             ... on level 4 of the Dungeon.
             The game lasted 00:04:31 (2107 turns).

olmar the Grasshopper (Gnoll Warper)                Turns: 2107, Time: 00:04:32

Health: -1/31      AC:  3    Str: 12    XL:     3   Next: 58%
Magic:  7/9        EV: 12    Int: 12    God:
Gold:   63         SH:  0    Dex: 11    Spells: 3/12 levels left

rFire   . . .        a - +0 mace
rCold   . . .        (no shield)
rNeg    . . .        b - +0 leather armour
rPois   .            (no helmet)
rElec   .            (no cloak)
rCorr   .            (no gloves)
SInv    .            (no boots)
Will    .....        c - amulet of the acrobat
Stlth   +            (no ring)
HPRegen 0.25/turn    (no ring)
MPRegen 0.11/turn

%: acrobat
@: lethally poisoned (-1 -> -30), on blink cooldown
A: fangs 1, strong nose, distributed training
a: no special abilities


You were on level 4 of the Dungeon.
You visited 1 branch of the dungeon, and saw 4 of its levels.

You collected 63 gold pieces.

Inventory:

Hand Weapons
 a - a +0 mace (weapon)
Missiles
 d - 6 boomerangs of dispersal (quivered)
Armour
 b - a +0 leather armour (worn)
Jewellery
 c - an amulet of the acrobat (around neck)
Scrolls
 e - a scroll of poison {unknown}
 g - a scroll of revelation {unknown}
 j - a scroll of identify
Potions
 f - a potion of curing
 h - a potion of ambrosia
 i - a potion of mutation {unknown}


   Skills:
 + Level 4.5 Fighting
 + Level 0.9 Short Blades
 + Level 0.9 Long Blades
 + Level 0.9 Axes
 + Level 4.5 Maces & Flails
 + Level 0.9 Polearms
 + Level 0.9 Staves
 + Level 0.9 Ranged Weapons
 + Level 2.6 Throwing
 + Level 2.6 Armour
 + Level 4.5 Dodging
 + Level 0.9 Stealth
 + Level 0.9 Shields
 + Level 0.9 Unarmed Combat
 + Level 5.0 Spellcasting
 + Level 0.6 Conjurations
 + Level 0.6 Hexes
 + Level 0.6 Summonings
 + Level 0.6 Necromancy
 + Level 5.4 Translocations
 + Level 0.6 Transmutations
 + Level 0.6 Fire Magic
 + Level 0.6 Ice Magic
 + Level 0.6 Air Magic
 + Level 0.6 Earth Magic
 + Level 0.6 Poison Magic
 + Level 1.0 Invocations
 + Level 0.9 Evocations


You had 3 spell levels left.
You knew the following spells:

 Your Spells              Type           Power      Damage    Failure   Level
a - Blink                 Tloc           32%        N/A       4%          2
b - Lesser Beckoning      Tloc           32%        N/A       4%          2
c - Vhi's Electric Charg  Tloc/Air       20%        N/A       22%         3
d - Poisonous Vapours     Pois/Air       8%         N/A       30%         2

Your spell library contained the following spells:

 Spells                   Type           Power      Damage    Failure   Level
 Teleport Other           Tloc           16%        N/A       9%          3
 Mephitic Cloud           Conj/Pois/Air  4%         N/A       52%         3
 Manifold Assault         Tloc           16%        N/A       26%         4
 Freezing Cloud           Conj/Ice/Air   2%         6-21      99%         5


Dungeon Overview and Level Annotations

Branches:
Dungeon (4/15)
 Temple: D:4-7

Altars:

Shops:
D:2 (

Annotations:
D:1 Terence
D:3 Robin


Innate Abilities, Weirdness & Mutations

You have very sharp teeth.
Your uncanny sense of smell can sniff out nearby items.
Your experience applies equally to all skills.


Message History

Found 2 gold pieces.
Found Valaont's Antique Weapon Shop.
You see here a ball python corpse.
j - 2 scrolls labelled FOYZEODOQIU (gained 1)
You now have 63 gold pieces (gained 2).
There is an entrance to Valaont's Antique Weapon Shop here.
A goblin is nearby!
As you read the scroll labelled FOYZEODOQIU, it crumbles to dust.
It is a scroll of identify.
h - a potion of ambrosia You start waiting.
Robin is nearby!
Robin shouts!
You hear a shout! x3
Robin roars a battlecry!
Robin roars a battlecry!
There is a stone staircase leading down here.
The goblin shouts!
Robin hits you with a +2 spear of venom.
You are poisoned.
There is a stone staircase leading down here.
You feel very sick.
Robin's horned helmet rattles.
Robin hits you with a +2 spear of venom.
You are lethally poisoned!
You climb downwards.
You feel very sick.
Found a stone staircase leading down.
There is a stone staircase leading up here.
Casting: Blink (safe; 4% risk of failure)
Confirm with . or Enter, or press ? or * to list all spells.
You blink.
Found a stone staircase leading down.
You feel very sick.
Unknown command.
Unknown command.
* * * LOW HITPOINT WARNING * * *
You feel very sick.
Robin hits you from afar with a +2 spear of venom.
* * * LOW HITPOINT WARNING * * *
You are more poisoned.
You climb downwards.
You die...

.....######
..........#
..........#
..........#
..........#
..........#
..........#
#..@..#
#.....#
#######


There were no monsters in sight!

Vanquished Creatures
  An adder (D:2)
  A worm (D:1)
  2 ball pythons
  2 bats (D:1)
  2 giant cockroaches (D:1)
  8 goblins
  2 hobgoblins
  4 quokkas (D:1)
  2 frilled lizards
  2 kobolds
  A rat (D:1)
27 creatures vanquished.

Notes
Turn   | Place    | Note
-------+----------+-------------------------------------------
     0 | D:1      | olmar the Gnoll Warper began the quest for the Orb.
     0 | D:1      | Reached XP level 1. HP: 20/20 MP: 6/6
   421 | D:1      | Reached XP level 2. HP: 25/26 MP: 7/7
   591 | D:1      | Found a faded altar of an unknown god.
   703 | D:1      | Learned a level 2 spell: Blink
   706 | D:1      | Learned a level 2 spell: Lesser Beckoning
  1006 | D:2      | Noticed Terence
  1065 | D:2      | Noticed Robin
  1121 | D:2      | Reached skill level 5 in Spellcasting
  1121 | D:2      | Reached XP level 3. HP: 15/31 MP: 5/9
  1321 | D:1      | Learned a level 3 spell: Vhi's Electric Charge
  1589 | D:2      | Reached skill level 1 in Invocations
  1774 | D:1      | Learned a level 2 spell: Poisonous Vapours
  1994 | D:2      | Found Valaont's Antique Weapon Shop.
  2107 | D:4      | Succumbed to Robin's poison

Illustrated notes

Levels and vault maps discovered:
D:1:      saegor_arrival_simple_d, layout_loops_corners,
          ebering_ecumenical_altar_sacrificial, minmay_misc_feat_secret_circle,
          minmay_tetromino_o2
D:2:      layout_basic, serial_shops, nicolae_shop_tiny_statue_garden,
          uniq_robin, uniq_terence
D:3:      layout_loops_cross, nicolae_kikubaaqudgha_miasma_corner,
          mainiacjoe_overflow_paths, mainiacjoe_overflow_chevrons,
          minmay_misc_feat_tiny
D:4:      layout_gridville, nicolae_shop_i_like_small_books_too, uniq_eustachio

Skill      XL: |  1  2  3 |
---------------+----------+-----
Spellcasting   | 5 |  5.0
Invocations    | 1 |  1.0
Fighting       | |  4.5
Short Blades   | |  0.9
Long Blades    | |  0.9
Axes           | |  0.9
Maces & Flails | |  4.5
Polearms       | |  0.9
Staves         | |  0.9
Ranged Weapons | |  0.9
Throwing       | |  2.6
Armour         | |  2.6
Dodging        | |  4.5
Stealth        | |  0.9
Shields        | |  0.9
Unarmed Combat | |  0.9
Conjurations   | |  0.6
Hexes          | |  0.6
Summonings     | |  0.6
Necromancy     | |  0.6
Translocations | |  5.4
Transmutations | |  0.6
Fire Magic     | |  0.6
Ice Magic      | |  0.6
Air Magic      | |  0.6
Earth Magic    | |  0.6
Poison Magic   | |  0.6
Evocations     | |  0.9

Action                     || total
---------------------------++-------
  Melee: Mace              ||    96
         Bite              ||     5
  Throw: Boomerang         ||     1
   Cast: Blink             ||    10
         Vhi's Electric Ch ||     1
    Use: Scroll            ||     2
         Potion            ||     1
   Stab: Sleeping          ||     1
 Armour: Leather armour    ||    18
  Dodge: Dodged            ||    62

Table legend: (Time is in decaauts)
 A = Elapsed time spent in this place.
 B = Non-inter-level travel time spent in this place.
 C = Inter-level travel time spent in this place.
 D = Time resting spent in this place.
 E = Time spent auto-exploring this place.
 F = Levels seen in this place.
 G = Mean time per level.
                   A        B        C        D        E       F      G
               +--------+--------+--------+--------+--------+-----+--------+
         Total |   2126 |   2092 |     34 |    272 |   1160 |   4 |  531.5 |
       Dungeon |   2126 |   2092 |     34 |    272 |   1160 |   4 |  531.5 |
               +--------+--------+--------+--------+--------+-----+--------+

Top non-repeatable levels by time:
     D:1: 1416 daAuts
     D:2: 707 daAuts
     D:3: 2 daAuts
